Workbook

Sheet Monthly G2N
A1: Line | B1: Jan | C1: Feb | D1: Mar | E1: Apr | F1: May | G1: Jun | H1: Jul | I1: Aug | J1: Sep | K1: Oct | L1: Nov | M1: Dec | N1: FY
A2: Gross sales | B2: 832000 | C2: 815000 | D2: 870000 | E2: 905000 | F2: 890000 | G2: 872000 | H2: 851000 | I2: 838000 | J2: 897000 | K2: 934000 | L2: 968000 | M2: 1012000 | N2: =SUM(B2:M2)
A3: On-invoice
A4: Rebates | B4: -33000 | C4: -32000 | D4: -35000 | E4: -36000 | F4: -35000 | G4: -35000 | H4: -34000 | I4: -33000 | J4: -36000 | K4: -37000 | L4: -39000 | M4: -40000 | N4: =SUM(B4:M4)
A5: Promo discounts | B5: -25000 | C5: -21000 | D5: -29000 | E5: -33000 | F5: -31000 | G5: -26000 | H5: -24000 | I5: -22000 | J5: -31000 | K5: -36000 | L5: -41000 | M5: -48000 | N5: =SUM(B5:M5)
A6: On-invoice deductions | B6: =SUM(B3:INDEX(B:B,ROW()-1)) | C6: =SUM(C3:INDEX(C:C,ROW()-1)) | D6: =SUM(D3:INDEX(D:D,ROW()-1)) | E6: =SUM(E3:INDEX(E:E,ROW()-1)) | F6: =SUM(F3:INDEX(F:F,ROW()-1)) | G6: =SUM(G3:INDEX(G:G,ROW()-1)) | H6: =SUM(H3:INDEX(H:H,ROW()-1)) | I6: =SUM(I3:INDEX(I:I,ROW()-1)) | J6: =SUM(J3:INDEX(J:J,ROW()-1)) | K6: =SUM(K3:INDEX(K:K,ROW()-1)) | L6: =SUM(L3:INDEX(L:L,ROW()-1)) | M6: =SUM(M3:INDEX(M:M,ROW()-1)) | N6: =SUM(B6:M6)
A7: Off-invoice
A8: Trade terms | B8: -17000 | C8: -16000 | D8: -17000 | E8: -18000 | F8: -18000 | G8: -17000 | H8: -17000 | I8: -17000 | J8: -18000 | K8: -19000 | L8: -19000 | M8: -20000 | N8: =SUM(B8:M8)
A9: Volume rebates | B9: -8000 | C9: -8000 | D9: -9000 | E9: -9000 | F9: -9000 | G9: -9000 | H9: -8000 | I9: -8000 | J9: -9000 | K9: -9000 | L9: -10000 | M9: -10000 | N9: =SUM(B9:M9)
A10: Off-invoice deductions | B10: =SUM(B7:INDEX(B:B,ROW()-1)) | C10: =SUM(C7:INDEX(C:C,ROW()-1)) | D10: =SUM(D7:INDEX(D:D,ROW()-1)) | E10: =SUM(E7:INDEX(E:E,ROW()-1)) | F10: =SUM(F7:INDEX(F:F,ROW()-1)) | G10: =SUM(G7:INDEX(G:G,ROW()-1)) | H10: =SUM(H7:INDEX(H:H,ROW()-1)) | I10: =SUM(I7:INDEX(I:I,ROW()-1)) | J10: =SUM(J7:INDEX(J:J,ROW()-1)) | K10: =SUM(K7:INDEX(K:K,ROW()-1)) | L10: =SUM(L7:INDEX(L:L,ROW()-1)) | M10: =SUM(M7:INDEX(M:M,ROW()-1)) | N10: =SUM(B10:M10)
A11: Net sales | B11: =B2+B6+B10 | C11: =C2+C6+C10 | D11: =D2+D6+D10 | E11: =E2+E6+E10 | F11: =F2+F6+F10 | G11: =G2+G6+G10 | H11: =H2+H6+H10 | I11: =I2+I6+I10 | ... M11: =M2+M6+M10 | N11: =SUM(B11:M11)
A12: Cost of goods sold | B12: -449000 | C12: -440000 | D12: -470000 | E12: -489000 | F12: -481000 | G12: -471000 | H12: -460000 | I12: -453000 | J12: -484000 | K12: -504000 | L12: -523000 | M12: -546000 | N12: =SUM(B12:M12)
A13: Gross profit | B13: =B11+B12 | C13: =C11+C12 | D13: =D11+D12 | E13: =E11+E12 | F13: =F11+F12 | G13: =G11+G12 | H13: =H11+H12 | I13: =I11+I12 | ... M13: =M11+M12 | N13: =SUM(B13:M13)
A14: Gross margin % | B14: =B13/B11 | C14: =C13/C11 | D14: =D13/D11 | E14: =E13/E11 | F14: =F13/F11 | G14: =G13/G11 | H14: =H13/H11 | I14: =I13/I11 | ... N14: =N13/N11

Sheet Waterfall (FY)
A1: Step | B1: FY amount | C1: Base | D1: Bar
A2: Gross sales | B2: ='Monthly G2N'!N2 | C2: =0 | D2: =B2
A3: On-invoice deductions | B3: ='Monthly G2N'!N6 | C3: =B2+B3 | D3: =-B3
A4: Off-invoice deductions | B4: ='Monthly G2N'!N10 | C4: =B2+B3+B4 | D4: =-B4
A5: Net sales | B5: ='Monthly G2N'!N11 | C5: =0 | D5: =B5
A6: Cost of goods sold | B6: ='Monthly G2N'!N12 | C6: =B5+B6 | D6: =-B6
A7: Gross profit | B7: ='Monthly G2N'!N13 | C7: =0 | D7: =B7

Sheet Read me
A1: Gross-to-Net waterfall — how to use this
A3: 1. Replace the sample numbers on "Monthly G2N" with your own. Deductions are entered as negatives.
A4: 2. Everything in a grey row is computed — do not type over it: on-invoice, off-invoice, net sales, gross profit and margin all carry live formulas, and the FY column sums the year.
A5: 3. "Waterfall (FY)" reads the annual totals and draws the waterfall; columns C and D only position the bars, so do not type over them. It updates by itself.
A6: Line meanings: Rebates = contractual customer rebates settled on invoice. Promo discounts = price reductions for promotions. Trade terms = below-the-line trade spend settled off invoice. Volume rebates = volume- or value-based rebates settled off invoice.
A7: Adapt freely: insert new lines anywhere between a section heading and its subtotal and the subtotal picks them up; rename lines to your own chart of deductions.
A10: Made by Bistrina (bistrina.eu), which builds this analysis into live systems on your own data: write to support@bistrina.eu.
